 Dungeon Crawl Stone Soup version 0.31-a0-408-gb642c7f9a3 (webtiles) character file.

Game seed: 12031046865407260216

154706 Newt the Fey Merfolk (level 17, -2/128 HPs)
             Began as a Merfolk Gladiator on July 29, 2023.
             Was a Follower of Yredelemnul.
             Killed from afar by a thorn hunter (11 damage)
             ... with a volley of thorns
             ... on level 4 of the Swamp.
             The game lasted 00:47:38 (27554 turns).

Newt the Fey Merfolk (Merfolk Gladiator)           Turns: 27554, Time: 00:47:39

Health: -2/128     AC: 20    Str: 32    XL:     17   Next: 33%
Magic:  30/30      EV: 19    Int: 12    God:    Yredelemnul [*.....]
Gold:   1499       SH:  0    Dex: 24    Spells: 22/22 levels left

rFire   . . .        C - +10 dire flail of Fic Vumm {heavy, rF- Int+3 Dex+5}
rCold   . . .        (shield currently unavailable)
rNeg    . . .        e - +0 ring mail of Edwa {rF- Regen+ Int+2 Slay+6}
rPois   .            L - +0 hat of Vlad {rF++ rCorr Str+6}
rElec   .            l - +2 cloak of the Thief {*Fog Slay-2 SInv Stlth+}
rCorr   +            U - +1 pair of gloves
SInv    +            h - +2 pair of boots {Fly}
Will    +....        O - amulet of regeneration
Stlth   ++++++       N - ring "Guxefa" {AC+4 Str+3 Int+4}
HPRegen 2.01/turn    r - ring of Cheibriados's Anger {Int-4 Slay+3 SInv Stlth+}
MPRegen 0.22/turn

%: no passive effects
@: lethally poisoned (-2 -> -2), flying
A: (nimble swimmer 2), mertail, agile 1, high MP 1, strong 1, wild magic 1
}: 1/15 runes: decaying
a: Renounce Religion, Recall Undead Harvest


You were on level 4 of the Swamp.
You worshipped Yredelemnul.
Yredelemnul was pleased with you.
You visited 4 branches of the dungeon, and saw 24 of its levels.
You also visited: Bailey and Ice Cave.

You collected 2727 gold pieces.
You spent 1228 gold pieces at shops.

Inventory:

Hand Weapons
 C - the +10 dire flail of Fic Vumm (weapon) {heavy, rF- Int+3 Dex+5}
   (You took it off a two-headed ogre on level 6 of the Dungeon)

   Int:       It affects your intelligence (+3).
   Dex:       It affects your dexterity (+5).
   rF:        It makes you vulnerable to fire.
Missiles
 S - 2 throwing nets
Armour
 e - the +0 ring mail of Edwa (worn) {rF- Regen+ Int+2 Slay+6}
   (You bought it in a shop on level 2 of the Orcish Mines)

   Int:       It affects your intelligence (+2).
   Slay:      It affects your accuracy & damage with ranged weapons and melee
   (+6).
   rF:        It makes you vulnerable to fire.
   Regen:     It increases your rate of health regeneration.
 h - a +2 pair of boots of flying (worn)
 j - the +2 helmet of the Blessed Realm {Drain rElec rC+ Dex+3}
   (You bought it in a shop on level 2 of the Orcish Mines)

   Dex:       It affects your dexterity (+3).
   rC:        It protects you from cold.
   rElec:     It insulates you from electricity.
   Drain:     It drains your maximum health when unequipped.
 l - the +2 cloak of the Thief (worn) {*Fog Slay-2 SInv Stlth+}
   (You acquired it on level 3 of the Dungeon)

   *Fog:      It may release a thick cloud of smoke when the wearer is hurt.
   Slay:      It affects your accuracy & damage with ranged weapons and melee
   (-2).
   SInv:      It lets you see invisible.
   Stlth:     It makes you more stealthy.
 o - the +0 hat of the Echidna {Fly rElec}
   (You found it on level 1 of the Swamp)

   rElec:     It insulates you from electricity.
   Fly:       It grants you flight.
 v - a +0 kite shield
 A - a +2 leather armour of fire resistance
 L - the +0 hat of Vlad (worn) {rF++ rCorr Str+6}
   (You acquired it on level 9 of the Dungeon)

   Str:       It affects your strength (+6).
   rF:        It greatly protects you from fire.
   rCorr:     It protects you from acid and corrosion.
 Q - a +0 pair of boots
 U - a +1 pair of gloves (worn)
 W - a +0 leather armour of positive energy
Jewellery
 a - a ring of protection from fire
 m - the ring of Hedakit {rPois rC+ rN+ Str+3}
   (You found it on level 1 of the Swamp)

   [ring of positive energy]

   Str:       It affects your strength (+3).
   rC:        It protects you from cold.
   rPois:     It protects you from poison.
   rN:        It protects you from negative energy.
 p - a +6 ring of strength
 q - the amulet "Tuky" {RegenMP rPois}
   (You found it on level 4 of the Lair of Beasts)

   [amulet of magic regeneration]

   It increases your rate of magic regeneration.
   rPois:     It protects you from poison.
 r - the ring of Cheibriados's Anger (right hand) {Int-4 Slay+3 SInv Stlth+}
   (You found it on level 5 of the Lair of Beasts)

   [ring of see invisible]

   Int:       It affects your intelligence (-4).
   Slay:      It affects your accuracy & damage with ranged weapons and melee
   (+3).
   SInv:      It lets you see invisible.
   Stlth:     It makes you more stealthy.
 s - the ring "Tetoe" {Ice rPois rN++ Will- SInv}
   (You found it on level 5 of the Lair of Beasts)

   [ring of ice]

   It enhances your ice magic.
   rF:        It makes you vulnerable to fire.
   rC:        It protects you from cold.
   rPois:     It protects you from poison.
   rN:        It greatly protects you from negative energy.
   SInv:      It lets you see invisible.
   Will:      It decreases your willpower.
 G - a ring of resist corrosion
 K - the ring "Laill" {rC+ SInv Stlth+}
   (You found it on level 8 of the Dungeon)

   [ring of see invisible]

   rC:        It protects you from cold.
   SInv:      It lets you see invisible.
   Stlth:     It makes you more stealthy.
 N - the ring "Guxefa" (left hand) {AC+4 Str+3 Int+4}
   (You acquired it on level 9 of the Dungeon)

   [ring of protection]

   AC:        It affects your AC (+4).
   Str:       It affects your strength (+3).
   Int:       It affects your intelligence (+4).
 O - an amulet of regeneration (around neck)
 T - a +6 ring of strength
 X - the ring of the Villain {rC+ Int+3 Dex+5}
   (You found it in an ice cave)

   [ring of protection from cold]

   Int:       It affects your intelligence (+3).
   Dex:       It affects your dexterity (+5).
   rC:        It protects you from cold.
 Y - the amulet "Beary" {RegenMP rElec}
   (You found it in an ice cave)

   [amulet of magic regeneration]

   It increases your rate of magic regeneration.
   rElec:     It insulates you from electricity.
Wands
 d - a wand of flame (61)
 t - a wand of paralysis (21)
 z - a wand of quicksilver (27)
 D - a wand of digging (20)
 E - a wand of roots (18)
 H - a wand of polymorph (15)
Scrolls
 b - a scroll of amnesia
 c - 2 scrolls of brand weapon
 f - a scroll of silence
 k - 2 scrolls of enchant armour
 n - 3 scrolls of poison
 u - 20 scrolls of identify
 w - 2 scrolls of revelation
 y - 6 scrolls of teleportation
 F - a scroll of fog
 M - 4 scrolls of enchant weapon
 Z - 2 scrolls of torment
Potions
 g - 5 potions of resistance
 i - 4 potions of curing
 x - a potion of heal wounds
 B - 6 potions of attraction
 I - 5 potions of brilliance
 J - 3 potions of magic
 P - 2 potions of enlightenment
 V - 3 potions of might
Miscellaneous
 R - a phial of floods


   Skills:
 - Level 10.0 Fighting
 - Level 14.0 Maces & Flails
 - Level 12.0 Polearms
 - Level 2.0 Throwing
 - Level 10.0 Armour
 - Level 10.0 Dodging
 - Level 10.0 Stealth
 + Level 3.1 Spellcasting
 + Level 4.5 Transmutations
 - Level 14.0 Invocations
 - Level 10.0 Evocations


You had 22 spell levels left.
You didn't know any spells.
Your spell library contained the following spells:

 Spells                   Type           Power      Damage    Failure   Level
 Wereblood                Tmut           16%        N/A       12%         2
 Apportation              Tloc           4%         N/A       41%         1
 Freeze                   Ice            8%         1d3       41%         1
 Slow                     Hex            8%         N/A       41%         1
 Cigotuvi's Dreadful Rot  Necr/Pois/Air  4%         N/A       52%         2
 Ensorcelled Hibernation  Hex/Ice        4%         N/A       52%         2
 Sublimation of Blood     Necr           2%         N/A       52%         2
 Ignite Poison            Fire/Tmut/Pois 7%         N/A       54%         3
 Confusing Touch          Hex            2%         N/A       75%         3
 Frozen Ramparts          Ice            4%         1d1       75%         3
 Hailstorm                Conj/Ice       2%         3d3       75%         3
 Vampiric Draining        Necr           2%         2d6       75%         3
 Anguish                  Hex/Necr       1%         N/A       98%         4
 Animate Armour           Summ/Erth      4%         N/A       98%         4
 Manifold Assault         Tloc           2%         N/A       98%         4
 Summon Ice Beast         Ice/Summ       2%         N/A       98%         4
 Summon Lightning Spire   Summ/Air       2%         N/A       98%         4
 Alistair's Intoxication  Tmut/Pois      6%         N/A       99%         5
 Fireball                 Conj/Fire      1%         3d3       100%        5
 Freezing Cloud           Conj/Ice/Air   1%         6-21      100%        5
 Iskenderun's Battlesphe  Conj           2%         2d6       100%        5
 Lee's Rapid Deconstruct  Erth           1%         3d4*      100%        5
 Metabolic Englaciation   Hex/Ice        1%         N/A       100%        5
 Summon Mana Viper        Hex/Summ       2%         N/A       100%        5
 Conjure Ball Lightning   Conj/Air       1%         3x3d6     100%        6
 Dispersal                Tloc           1%         N/A       100%        6
 Monstrous Menagerie      Summ           1%         N/A       100%        7
 Orb of Destruction       Conj           1%         9d5       100%        7
 Summon Hydra             Summ           1%         N/A       100%        7
 Disjunction              Tloc           1%         N/A       100%        8
 Simulacrum               Ice/Necr       Unusable   N/A       N/A         6

Dungeon Overview and Level Annotations

Branches:
Dungeon (13/15)            Temple (0/1) D:6            Lair (5/5) D:10
  Swamp (4/4) Lair:2        Snake (0/4) Lair:2        Slime (0/5) Lair:5
    Orc (2/2) D:12            Elf (0/3) Orc:2        Vaults (0/5) D:13
 Bailey (visited)           IceCv (visited)

Altars:
Dithmenos
Fedhas
Makhleb
Nemelex Xobeh
Qazlal
Ru
Xom
Yredelemnul
Zin
Lugonu

Shops:
D:6 ?   Orc:2 ![=*=

Portals:
Abyss: Lair:5
Pandemonium: Orc:2

Annotations:
Lair:5 1 runed translucent door
Swamp:4 exclusion: oklob plant


Innate Abilities, Weirdness & Mutations

((You are very nimble when in or above water. (Stealth+, EV+, Speed+++)))
Your lower body shifts to a powerful aquatic tail in water.
You are agile. (Dex +4, Str/Int -1)
You have an increased reservoir of magic. (+10% MP)
Your muscles are strong. (Str +4, Int/Dex -1)
Your spells are a little harder to cast, but a little more powerful.


Message History

Your hornet zombie closely misses the hornet.
Your hornet zombie hits the hornet.
Unknown command.
You bludgeon the hornet!!
You kill the hornet!
You feel yourself speed up.
You feel very sick.
The thorn hunter gestures.
The thorn hunter fires a volley of thorns at you.
The volley of thorns hits you!!
* * * LOW HITPOINT WARNING * * *
Your hornet zombie hits the thorn hunter!
Your hornet zombie hits the thorn hunter.
A volley of thorns appears from out of your range of vision.
The volley of thorns hits your hornet zombie!
Your hornet zombie barely misses the thorn hunter.
Unknown command.
You puncture the thorn hunter!
The thorn hunter is moderately damaged.
You feel sick. The thorn hunter misses you. The thorn hunter barely misses you.
Your hornet zombie hits the thorn hunter! x2
Unknown command.
Unknown command.
You impale the thorn hunter!!
The thorn hunter is severely damaged.
You feel sick.
The thorn hunter fires a volley of thorns at you.
The volley of thorns misses you.
Your hornet zombie hits the thorn hunter.
Your hornet zombie barely misses the thorn hunter.
A volley of thorns appears from out of your range of vision.
The volley of thorns hits your hornet zombie!
Unknown command.
You closely miss the thorn hunter.
The thorn hunter is severely damaged.
You feel sick.
The thorn hunter fires a volley of thorns at you.
The volley of thorns hits you!
You die...
Your body rises from the dead as a mindless zombie.

♣♣...~♣..~~~..~~~..~~~~.~..♣♣♣
♣~....~...~.~.~..~..♣~.~~~.~.♣♣♣
~~....~.~..~...~.§~....~....§.~♣♣
.~.~.~....~...§......~)......~..♣
§♣~..~...~..~..~.~...~...~~§.~§♣♣
♣♣~.~...~.~§PPPPPPPPPPPP~..~.§.♣
.♣♣~§...~..~.PP.PPPPPPPP.~...~.♣
..~~~.~~..~...§§~.§~~.PP~~..~.♣♣
..~~♣~~.....~♣#♣@Z.#♣.....~~..♣
♣..♣♣...~~~.♣♣##fZ~###...~.♣..♣♣♣
♣♣♣♣♣♣....~.# #§~§§♣##♣♣♣~...~..♣
♣♣..~~##♣#~f§~.♣# #~...~~~.♣
♣....♣♣#♣.f..~.~###♣....~.♣♣
♣♣.~♣♣#♣P.~~..~§~~♣##~~~.~♣♣
♣~.## ♣.~~P..~~.~.# #♣...... ♣♣##
♣~.♣♣♣#.#♣§.# ##..§.. ♣..♣
#♣###.######~~..


You could see 3 thorn hunters and 2 friendly hornet zombies.

Vanquished Creatures
  Rupert (Orc:2)
  A tentacled monstrosity (Swamp:2)
  Mlioglotl (Swamp:1)
  The ghost of Shard1697 the Envoy of Void, an adept AtGl of Lugonu (Orc:2)
  2 thorn hunters
  Aizul (Swamp:4)
  An azure jelly (IceCv)
  An orc warlord (Orc:1)
  The ghost of backslashecho the Grappler, a journeyman TrSh of Uskayaw (Lair:4)
  A quicksilver ooze (IceCv)
  2 vampire knights (Swamp:4)
  4 bunyips
  6 eleionomae
  Josephine (D:10)
  A shambling mangrove (Swamp:4)
  8 hydras
  3 vault guards (D:13)
  5 ghost crabs
  A demonspawn (Orc:2)
  2 boulder beetles
  4 two-headed ogres
  9 alligators
  6 orc high priests
  2 thrashing horrors (Lair:5)
  Sonja (D:10)
  3 skysharks
  4 large abominations (Lair:5)
  The ghost of Newt the Cutter, a novice MfSh of the Shining One (D:6)
  4 goliath frogs
  A spriggan druid (Swamp:2)
  2 spectral hydras
  3 phantasmal warriors (Swamp:4)
  A flayed ghost (Swamp:4)
  4 orc knights
  8 swamp dragons
  A necromancer (D:13)
  An ugly thing (Lair:5)
  2 bog bodies
  An oklob plant (Lair:2)
  7 orc sorcerers
  3 cyclopes (D:13)
  2 manticores (D:12)
  2 will-o-the-wisps
  2 black mambas
  8 elephants
  An ice statue (IceCv)
  2 unseen horrors
  2 gargoyles
  9 cane toads
  Maggie (D:8)
  A spectral swamp dragon (Swamp:4)
  2 kobold demonologists (D:12)
  A yaktaur (D:13)
  6 komodo dragons
  3 ice devils
  A wind drake (shapeshifter) (Lair:5)
  10 trolls
  2 hydra zombies (Swamp:4)
  2 bloated husks
  3 tyrant leeches
  23 blink frogs
  5 hornets (Swamp:4)
  2 polar bears
  A raiju (Lair:5)
  A hydra skeleton (Swamp:4)
  A spectral elephant (Lair:2)
  A death drake skeleton (Swamp:4)
  13 slime creatures
  A wyvern (Lair:2)
  A ynoxinul (Lair:5)
  26 yaks
  4 spriggans
  2 shadows
  4 wraiths
  Eustachio (D:6)
  12 humans (D:13)
  A basilisk (Lair:3)
  A steam dragon (D:7)
  A chaos spawn (Orc:2)
  9 swamp worms
  11 vampire mosquitoes
  3 wargs (Orc:2)
  A naga (Lair:2)
  2 hydra simulacra (Swamp:4)
  7 water moccasins
  43 orc warriors
  A swamp dragon zombie (Swamp:4)
  3 sky beasts
  4 swamp drakes
  3 great orb of eyes simulacra (IceCv)
  4 ogres
  13 wolves
  9 centaurs
  2 slime creature simulacra (IceCv)
  3 phantoms
  3 kobold brigands
  9 small abominations (Lair:5)
  6 bullfrogs
  A spectral water moccasin (Lair:2)
  A glowing shapeshifter simulacrum (IceCv)
  5 scorpions
  A water moccasin zombie (D:4)
  A water moccasin skeleton (D:4)
  10 killer bees
  9 electric eels
  A crimson imp (D:12)
  A bullfrog zombie (D:4)
  18 orc priests
  2 jellies
  Crazy Yiuf (D:4)
  3 hounds
  6 iguanas
  A sleepcap (D:5)
  A hell rat (Lair:1)
  13 orc wizards
  2 scorpion zombies (D:4)
  4 shapeshifter simulacra (IceCv)
  A hound zombie (D:4)
  3 gnolls (Bailey)
  8 adders
  A shadow imp (D:6)
  2 white imps
  An adder zombie (D:4)
  3 adder skeletons (D:4)
  3 worms
  2 dart slugs
  3 fire bats (D:5)
  51 orcs
  2 spectral bats (D:5)
  20 bats
  A bat skeleton (D:5)
  A bat zombie (D:5)
  8 endoplasms
  4 giant cockroaches
  12 goblins
  10 hobgoblins
  5 jackals
  3 quokkas
  6 ball pythons
  A bat simulacrum (D:5)
  3 frilled lizards
  16 kobolds
  6 rats
666 creatures vanquished.

Vanquished Creatures (collateral kills)
  A quicksilver ooze (IceCv)
  Snorg (Orc:2)
  4 hydras
  2 two-headed ogres
  2 skysharks (Lair:2)
  A flayed ghost (Swamp:4)
  A spriggan rider (Swamp:4)
  A spectral hydra (Swamp:4)
  A wizard (D:13)
  A necromancer (D:13)
  3 orc knights (Orc:2)
  An orc sorcerer (Orc:2)
  A cyclops (D:13)
  A will-o-the-wisp (Swamp:3)
  A water nymph (shapeshifter) (Lair:5)
  5 elephants
  A black mamba (Lair:1)
  2 rime drakes (Lair:1)
  A cane toad (Lair:5)
  A yaktaur (shapeshifter) (Lair:5)
  2 komodo dragons
  A red devil (Orc:2)
  A death drake zombie (Swamp:4)
  A troll (Orc:1)
  2 hornets
  A death drake skeleton (Swamp:4)
  20 blink frogs
  7 slime creatures (IceCv)
  A raiju (Lair:5)
  A wraith (D:10)
  A wyvern (Lair:5)
  A yak (shapeshifter) (Lair:5)
  16 yaks
  5 humans (D:13)
  3 basilisks
  Grum (D:10)
  A chaos spawn (Lair:5)
  A swamp worm (Swamp:2)
  3 water moccasins
  2 hydra simulacra (Swamp:4)
  4 swamp drakes
  4 orc warriors
  A swamp dragon zombie (Swamp:4)
  2 small abominations (Lair:5)
  An ogre (D:6)
  6 wolves
  A centaur (D:12)
  A spectral basilisk (Lair:2)
  4 bullfrogs
  A spectral water moccasin (Lair:2)
  A scorpion (Lair:1)
  A water moccasin zombie (D:4)
  A wight (D:10)
  A killer bee (D:11)
  2 electric eels
  A vampire bat (D:5)
  A hound (D:5)
  4 orc priests (Orc:2)
  A sleepcap (D:5)
  3 orc wizards
  4 hell rats (Lair:1)
  2 hound skeletons (D:4)
  A hound zombie (D:4)
  23 orcs
  2 bat skeletons (D:5)
  2 goblins (D:4)
  A hobgoblin (Bailey)
  2 jackals (D:1)
  5 bats
  2 frilled lizards
  A rat (D:2)
189 creatures vanquished.

Vanquished Creatures (others)
  A spectral tentacled monstrosity (Swamp:2)
  A spectral azure jelly (Orc:2)
  A bunyip zombie (Swamp:2)
  An ugly thing zombie (Lair:5)
  2 swamp worm zombies
  3 hydra zombies (Swamp:4)
  A bloated husk (Swamp:1)
  A black mamba zombie (Lair:1)
  A tyrant leech zombie (Swamp:4)
  A slime creature zombie (IceCv)
  3 two-headed ogre zombies
  2 swamp dragon zombies
  A hornet zombie (Swamp:4)
  2 elephant zombies (Lair:5)
  6 blink frog zombies (Lair:5)
  3 vampire mosquito zombies
  A wyvern zombie (Lair:5)
  2 water moccasin zombies
  2 spriggan zombies (Swamp:4)
  4 yak zombies
  3 wolf zombies (D:10)
  A centaur zombie (D:11)
  2 hounds (D:10)
  2 bullfrog zombies
  2 human zombies (D:13)
  A basilisk zombie (Lair:5)
  4 scorpion zombies
  A sky beast zombie (D:6)
  3 killer bee zombies
  An ogre zombie (D:6)
  2 hound zombies (D:10)
  2 hell rat zombies (Lair:1)
  2 swamp drake zombies (Swamp:4)
  A spectral shadow imp (D:6)
  4 adder zombies
  An iguana zombie (D:6)
  2 bat zombies
  A fire bat zombie (D:5)
  A ball python zombie (D:3)
  A giant cockroach zombie (D:3)
  A goblin zombie (Bailey)
  3 hobgoblin zombies
  A kobold zombie (D:7)
  45 orc zombies
  A rat zombie (D:3)
  6 foxfires (Swamp:3)
133 creatures vanquished.

Grand Total: 988 creatures vanquished

Notes
Turn   | Place    | Note
-------+----------+-------------------------------------------
     0 | D:1      | Newt the Merfolk Gladiator began the quest for the Orb.
     0 | D:1      | Reached XP level 1. HP: 16/16 MP: 1/1
    40 | D:1      | Reached XP level 2. HP: 23/23 MP: 2/2
   195 | D:1      | Found a faded altar of an unknown god.
   217 | D:1      | Prayed at the altar of an unknown god.
   217 | D:1      | Became a worshipper of Yredelemnul the Dark
   217 | D:1      | Reached * piety under Yredelemnul
   268 | D:1      | Reached XP level 3. HP: 30/30 MP: 3/3
   782 | D:2      | Reached XP level 4. HP: 36/37 MP: 4/4
   788 | D:2      | Reached skill level 5 in Polearms
  1127 | D:2      | Reached ** piety under Yredelemnul
  1391 | D:3      | Identified a scroll of acquirement
  1391 | D:3      | Acquired the +2 cloak of the Thief {*Fog Slay-2 SInv
                  | Stlth+}
  1391 | D:3      | Found the +2 cloak of the Thief {*Fog Slay-2 SInv Stlth+}
  2080 | D:4      | Noticed a phantom
  2089 | D:4      | Noticed a scorpion
  2095 | D:3      | Reached XP level 5. HP: 25/42 MP: 5/5
  2102 | D:3      | Killed a phantom
  2103 | D:3      | Reached skill level 5 in Dodging
  2291 | D:4      | Gained mutation: You have an increased reservoir of magic.
                  | (+10% MP) [potion of mutation]
  2291 | D:4      | Gained mutation: Your muscles are strong. (Str +4, Int/Dex
                  | -1) [potion of mutation]
  2291 | D:4      | Gained mutation: Your spells are a little harder to cast,
                  | but a little more powerful. [potion of mutation]
  2291 | D:4      | Gained mutation: You are agile. (Dex +4, Str/Int -1)
                  | [potion of mutation]
  2294 | D:4      | HP: 1/63 [scorpion (5)]
  2303 | D:4      | Reached XP level 6. HP: 20/48 MP: 6/6
  2799 | D:4      | Reached XP level 7. HP: 48/54 MP: 7/7
  3073 | D:4      | Reached skill level 1 in Armour
  3169 | D:4      | Found a runed translucent door.
  3170 | D:4      | Noticed Crazy Yiuf
  3178 | D:4      | Killed Crazy Yiuf
  3231 | D:5      | Entered Level 5 of the Dungeon
  3328 | D:5      | Reached XP level 8. HP: 60/60 MP: 8/8
  3889 | D:5      | Reached skill level 5 in Fighting
  4232 | D:6      | Found a staircase to the Ecumenical Temple.
  4463 | D:6      | Noticed Eustachio
  4478 | D:6      | Killed Eustachio
  4479 | D:6      | Reached skill level 10 in Polearms
  4596 | D:6      | Found Vuam Ibi's Magic Scroll Shop.
  4606 | D:6      | Reached XP level 9. HP: 58/69 MP: 9/9
  4642 | D:6      | Bought a scroll of identify for 22 gold pieces
  4642 | D:6      | Bought a scroll of identify for 22 gold pieces
  4656 | D:6      | Identified the +10 dire flail of Fic Vumm {heavy, rF- Int+3
                  | Dex+5}
  4656 | D:6      | Noticed a two-headed ogre
  4656 | D:6      | Noticed Newt's ghost (novice MfSh)
  4657 | D:6      | Found a transporter.
  4738 | D:6      | Found a large runed translucent door.
  4745 | D:6      | Found a large runed translucent door.
  5013 | D:6      | Found a glowing silver altar of Zin.
  5021 | D:6      | Found a sacrificial altar of Ru.
  5027 | D:6      | Reached *** piety under Yredelemnul
  5066 | D:6      | Found a transporter.
  5080 | D:6      | Killed a two-headed ogre
  5109 | D:6      | Reached skill level 5 in Evocations
  5116 | D:6      | Killed Newt's ghost
  5117 | D:6      | Reached XP level 10. HP: 44/76 MP: 11/11
  5280 | D:7      | Reached skill level 10 in Dodging
  5351 | D:7      | Reached skill level 1 in Maces & Flails
  6220 | D:8      | Noticed Maggie
  6231 | D:8      | Killed Maggie
  6454 | D:8      | Found a shadowy altar of Dithmenos.
  6681 | D:8      | Identified the ring "Laill" {rC+ SInv Stlth+}
  6848 | D:8      | Found a shimmering altar of Xom.
  6983 | D:9      | Found a flagged portal.
  6993 | D:9      | Identified the +7 hand axe of the Growing Madman {distort,
                  | Fly rC- Str+5}
  6997 | Bailey   | Entered a bailey
  7203 | Bailey   | Reached skill level 5 in Maces & Flails
  7764 | Bailey   | Reached skill level 1 in Invocations
  7989 | Bailey   | Found an iron altar of Okawaru.
  7990 | Bailey   | Noticed an orc high priest
  7991 | Bailey   | Noticed an orc sorcerer
  7997 | Bailey   | Killed an orc sorcerer
  8001 | Bailey   | Killed an orc high priest
  8002 | Bailey   | Reached skill level 5 in Invocations
  8002 | Bailey   | Reached XP level 11. HP: 16/81 MP: 13/16
  8229 | Bailey   | Identified the +6 spear of Pekont {holy, *Rage rC+ Str+6
                  | Dex+2}
  8347 | D:9      | Acquired the ring "Guxefa" {AC+4 Str+3 Int+4}
  8351 | D:9      | Acquired the +0 hat of Vlad {rF++ rCorr Str+6}
  8602 | D:9      | Found a burning altar of Makhleb.
  8619 | D:9      | Noticed a two-headed ogre
  8625 | D:9      | Killed a two-headed ogre
  9034 | D:9      | Found a stormy altar of Qazlal.
  9159 | D:9      | Found a sparkling altar of Nemelex Xobeh.
  9291 | D:10     | Entered Level 10 of the Dungeon
  9488 | D:10     | Found a staircase to the Lair.
  9509 | D:10     | Noticed a two-headed ogre
  9521 | D:10     | Killed a two-headed ogre
 10168 | D:10     | Noticed Sonja
 10182 | D:10     | HP: 4/84 [poisoned by Sonja (curare-tipped dart)]
 10185 | D:10     | Noticed a two-headed ogre
 10185 | D:10     | Noticed Grum
 10185 | D:10     | Noticed Josephine
 10466 | D:10     | Killed Sonja
 10586 | D:10     | Killed a two-headed ogre
 10602 | D:10     | Killed Josephine
 10605 | D:10     | Reached XP level 12. HP: 56/97 MP: 16/20
 10610 | D:10     | Reached skill level 10 in Fighting
 10613 | D:10     | Killed Grum
 11098 | D:11     | Noticed a two-headed ogre
 11102 | D:11     | Killed a two-headed ogre
 12057 | D:12     | Found a frozen archway.
 12075 | IceCv    | Entered an ice cave
 12208 | IceCv    | Noticed a quicksilver ooze
 12217 | IceCv    | Killed a quicksilver ooze
 12355 | IceCv    | Got the ring of the Villain {rC+ Int+3 Dex+5}
 12838 | IceCv    | Reached **** piety under Yredelemnul
 12846 | IceCv    | Reached skill level 10 in Maces & Flails
 12847 | IceCv    | Reached ***** piety under Yredelemnul
 12859 | IceCv    | Noticed a quicksilver ooze
 12864 | IceCv    | Killed a quicksilver ooze
 12865 | IceCv    | Reached ****** piety under Yredelemnul
 12865 | IceCv    | Reached XP level 13. HP: 23/103 MP: 9/21
 13047 | IceCv    | Found a viscous altar of Jiyva.
 13047 | IceCv    | Noticed an azure jelly
 13050 | IceCv    | Noticed an azure jelly
 13060 | IceCv    | Killed an azure jelly
 13060 | IceCv    | Enslaved an azure jelly
 13064 | IceCv    | Killed an azure jelly
 13065 | IceCv    | Reached skill level 5 in Armour
 13072 | IceCv    | Identified the amulet "Beary" {RegenMP rElec}
 13076 | IceCv    | Got the Disquisition on Firn
 13404 | D:12     | Found a staircase to the Orcish Mines.
 14670 | D:13     | Reached skill level 10 in Invocations
 15129 | D:13     | Found a gate to the Vaults.
 15129 | D:13     | Noticed a vault guard
 15129 | D:13     | Noticed a vault guard
 15129 | D:13     | Noticed a vault guard
 15132 | D:13     | Killed a vault guard
 15134 | D:13     | Killed a vault guard
 15137 | D:13     | Killed a vault guard
 15702 | Lair:1   | Entered Level 1 of the Lair of Beasts
 15730 | Lair:1   | Reached XP level 14. HP: 99/110 MP: 26/26
 16601 | Lair:2   | Reached skill level 1 in Stealth
 16765 | Lair:2   | Found a staircase to the Snake Pit.
 16863 | Lair:2   | Reached skill level 5 in Stealth
 16932 | Lair:2   | Found a staircase to the Swamp.
 18056 | Lair:3   | Reached skill level 10 in Stealth
 18664 | Lair:4   | Identified the amulet "Tuky" {RegenMP rPois}
 18715 | Lair:4   | Found a runed translucent door.
 18725 | Lair:4   | Noticed backslashecho's ghost (journeyman TrSh)
 19343 | Lair:4   | Killed backslashecho's ghost
 19344 | Lair:4   | Reached XP level 15. HP: 103/115 MP: 28/28
 19385 | Lair:5   | Entered Level 5 of the Lair of Beasts
 19723 | Lair:5   | Found a runed translucent door.
 19725 | Lair:5   | Noticed an acid blob
 19726 | Lair:5   | Found a staircase to the Slime Pits.
 20171 | Lair:5   | Identified the +1 long sword of Capital Punishment {drain,
                  | rCorr}
 20368 | Lair:5   | Found a corrupted altar of Lugonu.
 20368 | Lair:5   | Found a one-way gate to the infinite horrors of the Abyss.
 20386 | Lair:5   | Identified the ring of Cheibriados's Anger {Int-4 Slay+3
                  | SInv Stlth+}
 20389 | Lair:5   | Identified the ring "Tetoe" {Ice rPois rN++ Will- SInv}
 20838 | Orc:1    | Entered Level 1 of the Orcish Mines
 20858 | Orc:1    | Noticed an orc warlord
 21121 | Orc:1    | Killed an orc warlord
 21276 | Orc:2    | Entered Level 2 of the Orcish Mines
 21388 | Orc:2    | Found Vahes's Distillery.
 21389 | Orc:2    | Found Kueniv's General Store.
 21615 | Orc:2    | Bought 2 potions of resistance for 240 gold pieces
 21617 | Orc:2    | Bought the +0 ring mail of Edwa {rF- Regen+ Int+2 Slay+6}
                  | for 434 gold pieces
 21802 | Orc:2    | Noticed Snorg
 21810 | Orc:2    | Killed Snorg
 21900 | Orc:2    | Paralysed by an orc sorcerer for 3 turns
 21939 | Orc:2    | Reached XP level 16. HP: 30/122 MP: 29/29
 22208 | Orc:2    | Found Hemoybbo's Jewellery Shop.
 22208 | Orc:2    | Found Ryodeahump's Antique Armour Boutique.
 22209 | Orc:2    | Found a one-way gate leading to the halls of Pandemonium.
 22213 | Orc:2    | Bought a pair of glowing boots for 225 gold pieces
 22213 | Orc:2    | Bought a masterwork helmet for 285 gold pieces
 22213 | Orc:2    | Identified the +2 helmet of the Blessed Realm {Drain rElec
                  | rC+ Dex+3} (You bought it in a shop on level 2 of the
                  | Orcish Mines)
 22283 | Orc:2    | Noticed Rupert
 22300 | Orc:2    | Killed Rupert
 22397 | Orc:2    | Found Sulumnig's Jewellery Shoppe.
 22446 | Orc:2    | Found a staircase to the Elven Halls.
 22472 | Orc:2    | Found a large runed translucent door.
 22476 | Orc:2    | Found a large runed translucent door.
 22479 | Orc:2    | Noticed Shard1697's ghost (adept AtGl)
 22624 | Orc:2    | Killed Shard1697's ghost
 23407 | Swamp:1  | Entered Level 1 of the Swamp
 23431 | Swamp:1  | Found a transporter.
 23714 | Swamp:1  | Noticed Mlioglotl
 23866 | Swamp:1  | Found a transporter.
 23911 | Swamp:1  | Identified the ring of Hedakit {rPois rC+ rN+ Str+3}
 23914 | Swamp:1  | Identified the +0 hat of the Echidna {Fly rElec}
 24024 | Swamp:1  | Killed Mlioglotl
 24157 | Swamp:2  | Noticed a tentacled monstrosity
 24167 | Swamp:2  | Killed a tentacled monstrosity
 24253 | Swamp:2  | Noticed a thorn hunter
 24304 | Swamp:2  | Killed a thorn hunter
 24908 | Swamp:2  | You are sucked into a shaft and drop 1 floor!
 25149 | Swamp:2  | Reached skill level 10 in Armour
 25980 | Swamp:4  | Entered Level 4 of the Swamp
 26689 | Swamp:4  | Reached XP level 17. HP: 31/128 MP: 30/30
 26861 | Swamp:4  | Reached skill level 10 in Evocations
 26872 | Swamp:4  | Reached skill level 1 in Transmutations
 26876 | Swamp:4  | Reached skill level 1 in Spellcasting
 27069 | Swamp:4  | Noticed Aizul
 27078 | Swamp:4  | Killed Aizul
 27476 | Swamp:4  | Found a basalt altar of Yredelemnul.
 27488 | Swamp:4  | Got a decaying rune of Zot
 27523 | Swamp:4  | Found a blossoming altar of Fedhas.
 27544 | Swamp:4  | Paralysed by a hornet for 1 turns
 27554 | Swamp:4  | Killed from afar by a thorn hunter

Illustrated notes

Levels and vault maps discovered:
D:1:      minmay_arrival_open_corners, layout_rooms,
          ebering_ecumenical_altar_petrified, serial_bayou_pond_d
D:2:      layout_basic, minmay_pentomino_o4
D:3:      layout_loops_ring, minmay_misc_feat_room, corexii_leaking_fountain
D:4:      layout_cave_pools, serial_undead, serial_undead_f, serial_undead_b,
          serial_undead_a, serial_undead_a, serial_undead_e, serial_undead_c,
          uniq_crazy_yiuf_cottage
D:5:      layout_basic, serial_co_window_serial, co_window_paths_a,
          co_window_of_opportunity_a, co_window_paths_a, co_window_corner_a,
          co_window_paths_b, co_window_paths_c, co_window_broadway_b,
          co_window_2corner, co_window_paths_d, goddamned_bats
D:6:      layout_basic, jmf_multi_god_temple2, minmay_temple_entry_waves,
          serial_shops, shop, gammafunk_ghost_smash, uniq_eustachio
D:7:      layout_basic
D:8:      layout_rooms, kennysheep_mini_moat, overflow_temple_1_default,
          uniq_maggie
D:9:      layout_roguey, nicolae_qazlal_eye_of_the_storm, lemuel_round_altar,
          mainiacjoe_overflow_cross_hatched, enter_bailey_2
D:10:     layout_loops_ring, erik_lair_island, dk_noncrumbling_2,
          minmay_fountain_box, kennysheep_dice, uniq_grum, uniq_sonja,
          uniq_josephine
D:11:     layout_basic
D:12:     layout_loops_corners, david_orc_2, portal_ice_cave_demonic_guard,
          minivault_22, minmay_misc_feat_ornament, minmay_fire_ice_demons
D:13:     layout_gridville, grunt_vaults_entry_tiered
Lair:1:   layout_small_grid, grunt_megastairs_4
Lair:2:   layout_concentric_octagons, nicolae_swamp_entry_spooky,
          guppyfry_snake_entry_garden, grunt_megastairs_5
Lair:3:   layout_cave_pods, infiniplex_staircase_pool_2, grunt_megastairs_2
Lair:4:   layout_concentric_octagons, ebering_ghost_reflecting_pool
Lair:5:   hellmonk_lair_end_abyssal_woods, layout_long_grid, slime_entry_2,
          grunt_forest_small_clearing_treed, serial_bayou_shore_a
Swamp:1:  gammafunk_worm_tunnel, layout_basic_swamp,
          evilmike_swamp_ruin_house_6, uniq_mlioglotl
Swamp:2:  layout_basic_swamp, serial_swamp_ruin, evilmike_swamp_ruin_house_5,
          evilmike_swamp_ruin_house_1, swamp_pool5, infiniplex_staircase_pool
Swamp:3:  layout_basic_swamp, nicolae_swamp_little_swirl, swamp_pool3
Swamp:4:  byrel_swamp_growth_death_and_undeath, layout_basic_swamp, uniq_aizul
Orc:1:    layout_caves, basic_altar, roderic_batcave
Orc:2:    pf_orc_diabolical, layout_caves, serial_shops,
          nicolae_shop_waterfront, ebering_ghost_disaster_area,
          nicolae_orc_lost_temple, uniq_rupert, uniq_snorg

Skill      XL: |  1  2  3  4  5  6  7  8  9 10 11 12 13 14 15 16 17 |
---------------+----------------------------------------------------+-----
Fighting       | 3 4 6 9 10 | 10.0
Polearms       | 6 7 9 10 12 | 12.0
Dodging        | 6 7 9 10 | 10.0
Armour         | 2 3 4 6 7 10 | 10.0
Evocations     | 5 8 10 | 10.0
Maces & Flails | 6 10 11 14 | 14.0
Invocations    | 5 9 13 14 | 14.0
Stealth        | 10 | 10.0
Transmutations | 4 |  4.5
Spellcasting   | 3 |  3.1
Throwing       | |  2.0

Action                     |  1- 3 |  4- 6 |  7- 9 | 10-12 | 13-15 | 16-18 || total
---------------------------+-------+-------+-------+-------+-------+-------++-------
  Melee: Trident           |   105 |   154 |   278 |       |       |       ||   537
         Punch             |       |     2 |     2 |       |       |       ||     4
         Dire flail        |       |       |       |   372 |   566 |   346 ||  1284
         Tailslap          |       |       |       |     1 |     1 |       ||     2
  Throw: Throwing net      |     1 |       |       |     3 |       |       ||     4
 Invoke: Recall Undead Har |       |       |     1 |     4 |     8 |    13 ||    26
         Stop Recall       |       |       |       |     2 |       |       ||     2
         Dark Bargain      |       |       |       |     1 |     1 |       ||     2
         Bind Soul         |       |       |       |       |     1 |     1 ||     2
         Drain Life        |       |       |       |       |     1 |       ||     1
  Evoke: Wand              |       |       |       |     4 |     1 |     4 ||     9
         Phial of floods   |       |       |       |       |       |     1 ||     1
    Use: Scroll            |     6 |     3 |     3 |    15 |     6 |     5 ||    38
         Potion            |       |     5 |       |     1 |     1 |     4 ||    11
   Stab: Sleeping          |       |     2 |     6 |     6 |    28 |    20 ||    62
         Distracted        |       |     2 |     3 |    11 |    18 |     9 ||    43
         Paralysed         |       |       |       |     3 |     1 |     6 ||    10
 Armour: Leather armour    |    20 |    48 |    49 |   100 |   184 |       ||   401
         Skin              |       |    14 |       |       |       |       ||    14
         Ring mail         |       |       |       |       |    20 |   195 ||   215
  Dodge: Dodged            |    62 |    97 |   161 |   492 |   638 |   411 ||  1861

Table legend: (Time is in decaauts)
 A = Elapsed time spent in this place.
 B = Non-inter-level travel time spent in this place.
 C = Inter-level travel time spent in this place.
 D = Time resting spent in this place.
 E = Time spent auto-exploring this place.
 F = Levels seen in this place.
 G = Mean time per level.
                   A        B        C        D        E       F      G
               +--------+--------+--------+--------+--------+-----+--------+
         Total |  27204 |  25793 |   1411 |   6262 |  14315 |  26 | 1046.3 |
       Dungeon |  13540 |  12641 |    899 |   2700 |   7719 |  13 | 1041.5 |
          Lair |   5153 |   4857 |    296 |    223 |   3735 |   5 | 1030.6 |
         Swamp |   3741 |   3663 |     78 |   1313 |   1287 |   4 |  935.2 |
  Orcish Mines |   2149 |   2012 |    137 |    538 |    989 |   2 | 1074.5 |
        Bailey |   1315 |   1315 |      0 |    587 |    489 |   1 | 1315.0 |
      Ice Cave |   1303 |   1303 |      0 |    901 |     94 |   1 | 1303.0 |
               +--------+--------+--------+--------+--------+-----+--------+

Top non-repeatable levels by time:
    D:10: 1899 daAuts
    D:12: 1523 daAuts
   Orc:2: 1417 daAuts
 Swamp:4: 1410 daAuts
  Bailey: 1315 daAuts
   IceCv: 1303 daAuts
  Lair:5: 1294 daAuts
    D:13: 1189 daAuts
     D:7: 1069 daAuts
  Lair:2: 1053 daAuts
     D:9: 1039 daAuts
 Swamp:2: 1004 daAuts
    D:11: 988 daAuts
     D:3: 963 daAuts
     D:4: 956 daAuts
